 Dungeon Crawl Stone Soup version 0.18-a0-1430-g9c1b2fb (webtiles) character file.

40 Geeful the Firebug (level 3, 26/26 HPs)
             Began as a Draconian Fire Elementalist on Feb 27, 2016.
             Got out of the dungeon alive.
             The game lasted 00:06:28 (1793 turns).

Geeful the Firebug (Draconian Fire Elementalist)    Turns: 1793, Time: 00:06:28

Health: 26/26      AC:  6    Str: 10    XL:     3   Next: 30%
Magic:  6/6        EV: 12    Int: 16    God:
Gold:   62         SH:  0    Dex: 11    Spells: 1 memorised, 6 levels left

rFire  . . .     SeeInvis .     e - -3 dagger (curse)
rCold  . . .     Gourm    .     (armour unavailable)
rNeg   . . .     Faith    .     (no shield)
rPois  .         Spirit   .     (helmet restricted)
rElec  .         Dismiss  .     (no cloak)
rCorr  .         Reflect  .     c - +0 pair of gloves
SustAt .         Harm     .     (no boots)
MR     .....                    (no amulet)
Stlth  ++........               (no ring)
                                (no ring)

@: not resistant to hostile enchantments, unstealthy
A: unfitting armour, cold-blooded, AC +5
a: no special abilities


You escaped.
You were not hungry.

You visited 1 branch of the dungeon, and saw 1 of its levels.

You collected 62 gold pieces.

Inventory:

Hand Weapons
 e - a cursed -3 dagger (weapon)
 m - a +0 dagger of speed
Missiles
 f - 21 stones (quivered)
Armour
 c - a +0 pair of gloves (worn)
Scrolls
 i - a scroll of blinking
 k - 2 scrolls of magic mapping
Potions
 d - a potion of brilliance {unknown}
 h - a potion of invisibility {unknown}
Books
 a - a book of Flames

   Spells                             Type                      Level
   a - Flame Tongue                   Conjuration/Fire             1
   b - Throw Flame                    Conjuration/Fire             2
   c - Conjure Flame                  Conjuration/Fire             3
   d - Inner Flame                    Hexes/Fire                   3
   e - Sticky Flame                   Conjuration/Fire             4
   f - Fireball                       Conjuration/Fire             5
Comestibles
 b - a bread ration
 g - a beef jerky
 l - a meat ration


   Skills:
 - Level 1.7 Dodging
 - Level 1.7 Stealth
 + Level 2.5 Spellcasting
 + Level 2.0 Conjurations
 + Level 3.5 Fire Magic


You had 6 spell levels left.
You knew the following spells:

 Your Spells              Type           Power        Failure   Level  Hunger
a - Flame Tongue          Conj/Fire      ##...        10%         1    #......


Dungeon Overview and Level Annotations

Branches:
Dungeon (1/15)

Altars:


Innate Abilities, Weirdness & Mutations

Your plain brown scales are hard (AC +5).
Your body does not fit into most forms of armour.
You are cold-blooded and may be slowed by cold attacks.


Message History

Forget which spell ([?*] list [ESC] exit)?
Okay, then.
Found 24 arrows.
You see here 24 arrows.
A giant cockroach comes into view.
You see here a club.
Casting: Flame Tongue
Confirm with . or Enter, or press ? or * to list all spells.
Aiming: Flame Tongue
Press: ? - help, Shift-Dir - straight line, f - giant cockroach
Aim: a giant cockroach (clinging)
The flame tongue hits the giant cockroach.
You kill the giant cockroach!
You see here a giant cockroach corpse.
Done exploring.
There is an open door here.
There is an open door here.
There is a staircase leading out of the dungeon here.
Are you sure you want to leave the Dungeon?
This will make you lose the game!
You have escaped!

.....# #.# ##.#.#.# .###.# #.#
###.#.## ## #.# #.# #####..... #
#.# #.# #.....#... # #.# #.#
#.###.#### # #.###.# #.# #.# #
#.#...###############.###.##
#.#.#.....##...##.....##...#
####.#....####..@..#####.##...###
..##.##.######.....######.......#
.....####...###...###...###.....#
..#####.......##'##.......##....#
### #.........#.#.........#...##
###.^.......'.'.........#...#
####.#.........#.#.........#.#.#
.....##.......##'##.......##.#.#
####.####...####.####...####.#.#


There were no monsters in sight!

Vanquished Creatures
  An ooze (D:1)
  3 dart slugs (D:1)
  2 giant geckos (D:1)
  A giant cockroach (D:1)
  3 goblins (D:1)
  5 hobgoblins (D:1)
  4 kobolds (D:1)
  4 bats (D:1)
  A giant newt (D:1)
  A rat (D:1)
25 creatures vanquished.

Notes
Turn   | Place    | Note
--------------------------------------------------------------
     0 | D:1      | Geeful the Draconian Fire Elementalist began the quest for the Orb.
     0 | D:1      | Reached XP level 1. HP: 14/14 MP: 3/3
   672 | D:1      | Reached XP level 2. HP: 20/20 MP: 0/5
  1341 | D:1      | Reached XP level 3. HP: 26/26 MP: 1/6
  1793 | D:$      | Got out of the dungeon alive.

Vault maps used:
D:1:      dpeg_arrival_three_bigger_balls

Skill      XL: |  1  2 |
---------------+-------+-----
Conjurations   | 2 |  2.0
Dodging        | |  1.7
Stealth        | |  1.7
Spellcasting   | |  2.5
Fire Magic     | |  3.5

Action                   || total
-------------------------++-------
Melee: Dagger            ||    16
Throw: Stone             ||    21
 Cast: Flame Tongue      ||    46
  Use: Scroll            ||     7
  Eat: Chunk             ||     3
